Map: Tourmaline LE

Players

Hammer - Winner!

  • Race: Terran Terran
  • Spawn Location: 7:00

VilugArZa

  • Race: Terran Terran
  • League: Platinum
  • Spawn Location: 1:00

VOD

Have the link to the VOD?

Description

Time

  • Played on: May 23, 2026, 10:53 p.m.
  • Length: 7:36
Show
View Real Time Build Order
Export as new Build Order

Hammer Terran - Winner!

Build Orders:  

Get SALT Encoding   

  12  0:01  SCV  
  13  0:15  Supply Depot  
  13  0:18  SCV  
  14  0:27  Refinery  
  14  0:31  SCV  
  15  0:43  Barracks  
  15  0:46  SCV  
  16  0:58  SCV  
  17  1:05  Refinery  
  17  1:10  SCV  
  18  1:22  SCV  
  19  1:34  SCV  
  19  1:35  Factory  
  19  1:37  Barracks Tech Lab  
  20  1:47  Orbital Command  
  20  2:04  Ghost Academy  
  20  2:24  Hellion  
  20  2:29  Supply Depot  
  22  2:44  Personal Cloaking  
  26  2:51  Hellion  
  26  2:53  Ghost Academy  
  26  3:08  SCV  
  29  3:19  Unknown  
  29  3:20  Hellion  
  31  3:29  Nuke  
  31  3:42  Supply Depot  
  31  3:48  Unknown  
  31  3:59  SCV  
  28  4:14  Starport, Hellion  
  28  4:15  Nuke  
  28  4:37  Nuke  
  28  5:14  Nuke  
  28  5:21  Ghost Academy  
  26  5:39  Nuke  
  26  5:47  Factory Tech Lab  
  30  5:51  Command Center, Starport Reactor  
  28  5:59  Command Center  
  28  6:06  Siege Tank  
  31  6:15  Unknown  
  31  6:32  Starport  
  34  7:18  Starport Tech Lab  
  34  7:25  Engineering Bay  
Show
View Real Time Build Order
Export as new Build Order

VilugArZa Terran 

Build Orders:  

Get SALT Encoding   

  12  0:00  SCV  
  13  0:12  SCV  
  14  0:23  Supply Depot  
  14  0:25  SCV  
  15  0:31  Refinery  
  15  0:45  SCV  
  15  0:47  Barracks  
  16  0:57  SCV  
  16  1:02  Supply Depot  
  17  1:09  SCV  
  18  1:21  SCV  
  19  1:34  SCV  
  20  1:46  SCV  
  21  1:57  Refinery  
  22  2:01  SCV  
  22  2:13  SCV  
  23  2:15  Marine  
  24  2:25  SCV  
  25  2:33  Factory, Marine  
  26  2:37  SCV  
  27  2:49  Supply Depot, SCV  
  28  2:51  Marine  
  29  3:05  SCV  
  30  3:09  Marine  
  31  3:24  Ghost Academy  
  31  3:26  Orbital Command  
  31  3:27  Marine  
  31  3:31  Widow Mine  
  34  3:48  Supply Depot  
  34  3:52  Widow Mine  
  35  4:03  Marine  
  35  4:08  Nuke  
  36  4:15  Supply Depot  
  36  4:21  Barracks Tech Lab  
  35  4:51  Personal Cloaking  
  29  5:02  SCV  
  30  5:09  Refinery  
  30  5:23  Unknown, SCV  
  20  5:35  SCV  
  21  5:44  Barracks Tech Lab  
  21  5:47  SCV  
  22  5:59  SCV  
  23  6:11  SCV  
  24  6:24  SCV  
  25  6:36  SCV  
  26  6:48  SCV  
  27  6:54  Engineering Bay  
  27  7:00  SCV  
  28  7:12  SCV  
  29  7:18  Unknown  
Tags
 
League
Platinum
Matchup
TvT
Race
Terran
Spawn Locations
Cross Positions
Add a new tag
Caveats
  • Supply blocks, unpowered buildings, or Contaminate may cause inaccurate times.
  • Supply counts are checked every 10 seconds.